 Dungeon Crawl Stone Soup version 0.18-a0-640-g2c992fa (webtiles) character file.

3044 benitares the Grappler (level 9, 0/64 HPs)
             Began as a Grey Draconian Transmuter on Dec 4, 2015.
             Was a Priest of Qazlal.
             Slain by an orc warrior
             ... wielding a +2 trident of freezing
              (8 damage)
             ... on level 9 of the Dungeon.
             The game lasted 00:16:37 (9769 turns).

benitares the Grappler (Grey Draconian Transmuter)  Turns: 9769, Time: 00:16:37

Health: 0/64       AC: 14    Str: 21    XL:     9   Next: 56%
Magic:  12/12      EV: 12    Int: 14    God:    Qazlal [***...]
Gold:   386        SH:  4    Dex: 11    Spells: 3 memorised, 3 levels left

rFire  + . .     SeeInvis .       - Unarmed
rCold  . . .     Clarity  .     (armour unavailable)
rNeg   . . .     SustAt   .     (no shield)
rPois  .         Gourm    .     (helmet restricted)
rElec  .         Spirit   .     (no cloak)
rCorr  .         Dismiss  .     e - +0 pair of gloves
rMut   .         Stasis   .     o - +0 pair of boots
MR     +....                    (no amulet)
Stlth  +.........               q - ring of invisibility
                                I - ring "Nuikots" {*Contam rF+ MR+ Str+5}

@: somewhat resistant to hostile enchantments, very unstealthy
A: walk through water, unfitting armour, unbreathing, cold-blooded, AC +12
a: Upheaval, Elemental Force, Renounce Religion, Evoke Invisibility


You were on level 9 of the Dungeon.
You worshipped Qazlal.
Qazlal was most pleased with you.
You were very hungry.

You visited 1 branch of the dungeon, and saw 9 of its levels.

You collected 386 gold pieces.

Inventory:

Missiles
 a - 114 arrows
 u - 28 arrows of flame
 D - 24 arrows of frost
Armour
 e - a +0 pair of gloves (worn)
 o - a +0 pair of boots (worn)
Jewellery
 j - an uncursed ring of magical power
 q - a ring of invisibility (right hand)
 s - an uncursed ring of see invisible
 C - an uncursed ring of wizardry {unknown}
 G - an uncursed ring of flight
 I - the ring "Nuikots" (left hand) {*Contam rF+ MR+ Str+5}
   (You found it on level 7 of the Dungeon)

   [ring of protection from magic]

   It affects your strength (+5).
   It protects you from fire.
   It affects your resistance to hostile enchantments.
   It causes magical contamination when unequipped.
Wands
 A - a wand of magic darts (20)
 L - a wand of fire (4)
 N - a wand of magic darts (14)
Scrolls
 f - 2 scrolls of magic mapping
 g - 4 scrolls of identify
 l - 2 scrolls of enchant weapon
 n - 4 scrolls of fog
 p - a scroll of enchant armour {unknown}
 r - 2 scrolls of remove curse {unknown}
 t - 2 scrolls of amnesia {unknown}
 w - 2 scrolls of fear
 z - 2 scrolls of teleportation {unknown}
 E - a scroll of acquirement {unknown}
 K - 2 scrolls of immolation {unknown}
 M - 2 scrolls of recharging {unknown}
Potions
 h - 2 potions of heal wounds {unknown}
 i - a potion of agility
 k - 2 potions of lignification {unknown}
 m - 5 potions of curing {unknown}
 v - 2 potions of flight {unknown}
 x - 2 potions of ambrosia {unknown}
 B - a potion of brilliance {unknown}
 F - 2 potions of might {unknown}
 H - 3 potions of poison {unknown}
 J - a potion of berserk rage {unknown}
Books
 b - a book of Changes

   Spells                             Type                      Level
   a - Beastly Appendage              Transmutation                1
   b - Sticks to Snakes               Transmutation                2
   c - Spider Form                    Transmutation/Poison         3
   d - Ice Form                       Ice/Transmutation            4
   e - Blade Hands                    Transmutation                5
 y - a book of Burglary

   Spells                             Type                      Level
   a - Swiftness                      Charms/Air                   2
   b - Passwall                       Transmutation/Earth          3
   c - Passage of Golubria            Translocation                4
   d - Lee's Rapid Deconstruction     Earth                        5
   e - Darkness                       Hexes                        6
   f - Invisibility                   Hexes                        6
 O - the Incunabulum of Supportive Arcane Weapons
   (You found it on level 8 of the Dungeon)

   Spells                             Type                      Level
   a - Summon Butterflies             Summoning                    1
   b - Summon Small Mammal            Summoning                    1
   c - Fireball                       Conjuration/Fire             5
   d - Bolt of Fire                   Conjuration/Fire             6
   e - Spellforged Servitor           Conjuration/Summoning        7
 P - a book of Frost

   Spells                             Type                      Level
   a - Freeze                         Ice                          1
   b - Throw Frost                    Conjuration/Ice              2
   c - Ozocubu's Armour               Charms/Ice                   3
   d - Throw Icicle                   Conjuration/Ice              4
   e - Summon Ice Beast               Ice/Summoning                4
   f - Condensation Shield            Ice                          4
Comestibles
 c - 7 bread rations
 d - 8 meat rations


   Skills:
 - Level 1.1 Fighting
 - Level 1.7 Dodging
 + Level 9.9 Unarmed Combat
 - Level 2.0 Spellcasting
 + Level 9.8 Transmutations


You had 3 spell levels left.
You knew the following spells:

 Your Spells              Type           Power        Failure   Level  Hunger
a - Beastly Appendage     Trmt           ####..       1%          1    ##.....
b - Spider Form           Trmt/Pois      ###.......   12%         3    ####...
c - Blade Hands           Trmt           ####......   14%         5    ######.


Dungeon Overview and Level Annotations

Branches:
Dungeon (9/15)             Temple (0/1) D:7
   Lair: D:8-11         Orc: D:9-12

Altars:
Ashenzari
Elyvilon
Kikubaaqudgha
Nemelex Xobeh
Okawaru
Qazlal
Yredelemnul
The Shining One

Shops:
D:4 [   D:6 }

Annotations:
D:2 exclusion: downstairs
D:8 exclusion: downstairs
D:9 chonchonts's ghost, novice SpEn


Innate Abilities, Weirdness & Mutations

You can walk through water.
Your dull iron-grey scales are very hard (AC +12).
Your body does not fit into most forms of armour.
You can survive without breathing.
You are cold-blooded and may be slowed by cold attacks.


Message History

An orc comes into view.
It is wielding a morningstar of flaming.
The orc shouts!
Things that are here:
a hand axe; a ring mail; an orc corpse The orc warrior hits you from afar with a trident of freezing.
The orc warrior freezes you.
You feel yourself slow down. The orc warrior misses you.
You closely miss the orc warrior.
You feel yourself speed up.
Unknown command.
You hit the orc warrior.
The orc warrior is lightly wounded.
The orc warrior hits you with a trident of freezing!!
The orc warrior freezes you. The orc hits you but does no damage.
You hit the orc warrior.
The orc warrior is lightly wounded.
The orc warrior hits you with a trident of freezing!!
* * * LOW HITPOINT WARNING * * *
The orc warrior freezes you!
You die...

#........#
#..............
#........#
#...###........
#........####...#
#....^...
######.....KK...#
#..###..#
#.)...K....# #..#
.(# #))####....#
#..# ... #.<#
#....# #... ..
#..####....# #...
######..).@§....#
#....
#..(...(.§oo....#
#......######.....
#......# .....
#####..# ... #..#
## #..# #..# #..#


You could see an orc warrior and an orc.

Vanquished Creatures
  A hippogriff (D:7)
  A water moccasin (D:6)
  2 ice beasts
  3 ogres
  3 centaurs
  A phantom (D:5)
  A big kobold (D:9)
  6 giant frogs
  5 scorpions
  3 killer bees
  An electric eel (D:7)
  A crimson imp (D:7)
  8 orc wizards
  A wasp zombie (D:7)
  A quasit (D:8)
  A gnoll shaman (D:6)
  4 hounds
  2 orc priests
  4 giant frog skeletons
  Natasha (thrice) (D:3)
  4 iguanas
  2 worker ants (D:8)
  13 gnolls
  5 adders
  2 oozes (D:3)
  An adder skeleton (D:7)
  2 worms (D:3)
  4 giant geckos
  27 orcs
  A ball python (D:4)
  7 giant cockroaches
  8 goblins
  6 hobgoblins
  13 kobolds
  3 quokkas
  7 bats
  A giant gecko skeleton (D:6)
  A giant gecko zombie (D:7)
  6 giant newts
  6 jackals
  A quokka skeleton (D:5)
  A quokka zombie (D:7)
  12 rats
185 creatures vanquished.

Vanquished Creatures (others)
  A bush (D:9)
  2 fungi (D:9)
  11 plants (D:9)
14 creatures vanquished.

Grand Total: 199 creatures vanquished

Notes
Turn   | Place    | Note
--------------------------------------------------------------
     0 | D:1      | benitares the Draconian Transmuter began the quest for the Orb.
     0 | D:1      | Reached XP level 1. HP: 16/16 MP: 3/3
   308 | D:1      | Reached XP level 2. HP: 23/23 MP: 5/5
   866 | D:2      | Found a glowing golden altar of the Shining One.
  1116 | D:2      | Reached XP level 3. HP: 13/28 MP: 6/6
  1682 | D:2      | Found an iron altar of Okawaru.
  1682 | D:2      | Found a stormy altar of Qazlal.
  1808 | D:2      | Became a worshipper of Qazlal Stormbringer
  2117 | D:2      | Reached skill level 4 in Unarmed Combat
  2279 | D:3      | Reached XP level 4. HP: 35/35 MP: 7/7
  2801 | D:3      | Reached XP level 5. HP: 29/40 MP: 8/8
  3095 | D:3      | Reached * piety under Qazlal
  3430 | D:3      | Noticed Natasha
  3471 | D:3      | Killed Natasha
  3471 | D:3      | Reached skill level 5 in Unarmed Combat
  3526 | D:3      | Noticed Natasha
  3532 | D:3      | Killed Natasha
  3549 | D:3      | Noticed Natasha
  3558 | D:3      | Killed Natasha
  3666 | D:4      | Found Allumeha's Antique Armour Boutique.
  3673 | D:4      | Noticed an ogre
  3702 | D:3      | Reached XP level 6. HP: 36/47 MP: 9/9
  3778 | D:3      | Learned a level 3 spell: Spider Form
  3787 | D:4      | Reached skill level 5 in Transmutations
  4439 | D:4      | Found a white marble altar of Elyvilon.
  4541 | D:5      | Entered Level 5 of the Dungeon
  4816 | D:5      | Reached skill level 6 in Unarmed Combat
  4816 | D:5      | Your scales start taking on a dull iron-grey colour.
  4816 | D:5      | Gained mutation: You can survive without breathing. [Grey Draconian growth]
  4816 | D:5      | Reached XP level 7. HP: 38/52 MP: 10/10
  5498 | D:6      | Found a basalt altar of Yredelemnul.
  5606 | D:6      | Reached ** piety under Qazlal
  5623 | D:6      | Found a shattered altar of Ashenzari.
  5650 | D:6      | Found Uhionogu's Gadget Boutique.
  5968 | D:6      | Reached skill level 7 in Unarmed Combat
  6149 | D:6      | Reached XP level 8. HP: 56/59 MP: 11/11
  7179 | D:7      | Reached skill level 8 in Unarmed Combat
  7448 | D:7      | Found a staircase to the Ecumenical Temple.
  7658 | D:7      | Learned a level 5 spell: Blade Hands
  7728 | D:7      | Got a slimy copper ring
  7729 | D:7      | Identified the ring "Nuikots" {*Contam rF+ MR+ Str+5} (You found it on level 7 of the Dungeon)
  8213 | D:7      | Found a sparkling altar of Nemelex Xobeh.
  8233 | D:7      | Reached XP level 9. HP: 64/64 MP: 6/12
  8659 | D:7      | Reached skill level 9 in Unarmed Combat
  8780 | D:7      | Found an ancient bone altar of Kikubaaqudgha.
  8922 | D:8      | Identified the Incunabulum of Supportive Arcane Weapons
  9109 | D:8      | Reached *** piety under Qazlal
  9379 | D:9      | Noticed chonchonts's ghost (novice SpEn)
  9769 | D:9      | Slain by an orc warrior

Vault maps used:
D:1:      tarquinn_simple_flora_water_b, nrook_mini_vaults,
          minmay_rat_gold_closets
D:2:      lemuel_crystal_altar, gammafunk_temple_overflow_elements
D:3:      serial_glass, glass_columns_c, glass_columns_b, glass_columns_c,
          minmay_parallelograms, uniq_natasha
D:4:      elyvilon_altar_3, first_bread, serial_shops, shop
D:5:      supply_closet_lemuel
D:6:      lemuel_doored_altar, overflow_temple_1_default, serial_shops,
          kennysheep_little_box
D:7:      statuecave_lemuel, lemuel_coloured_pillars_altar, marbit_many_paths,
          minmay_temple_entry_mist, kennysheep_crisscross
D:9:      minmay_lair_entry_grove

Action                   |  1- 3 |  4- 6 |  7- 9 || total
-------------------------+-------+-------+-------++-------
Melee: Unarmed           |   144 |   228 |   400 ||   772
 Cast: Beastly Appendage |     5 |    12 |    11 ||    28
       Spider Form       |       |     1 |     5 ||     6
       Blade Hands       |       |       |     5 ||     5
 Abil: Evoke Invisibilit |       |     1 |       ||     1
  Use: Scroll            |       |     2 |     6 ||     8
 Stab: Sleeping          |     3 |       |       ||     3
  Eat: Chunk             |     4 |     8 |    13 ||    25
       Beef jerky        |       |     1 |       ||     1
       Meat ration       |       |       |     1 ||     1
